 Dungeon Crawl Stone Soup version 0.18.1-6-gd335043 (webtiles) character file.

141 mistymad the Skirmisher (level 5, 0/34 HPs)
             Began as a Gargoyle Fighter on May 16, 2016.
             Slain by an orc warrior
             ... wielding a +0 scimitar
              (15 damage)
             ... on level 3 of the Dungeon.
             The game lasted 00:10:05 (2416 turns).

mistymad the Skirmisher (Gargoyle Fighter)          Turns: 2416, Time: 00:10:06

Health: 0/34       AC: 12    Str: 20    XL:     5   Next: 24%
Magic:  5/5        EV:  7    Int:  9    God:
Gold:   235        SH:  9    Dex:  9    Spells: 0 memorised, 4 levels left

rFire  . . .     SeeInvis .     a - +0 flail
rCold  . . .     Gourm    .     b - +0 scale mail
rNeg   + . .     Faith    .     c - +0 shield
rPois  ∞         Spirit   .     (no helmet)
rElec  +         Dismiss  .     (no cloak)
rCorr  .         Reflect  .     (no gloves)
SustAt .         Harm     .     s - +0 pair of boots
MR     .....                    (no amulet)
Stlth  ..........               (no ring)
                                (no ring)

@: not resistant to hostile enchantments, extremely unstealthy
A: negative energy resistance 1, electricity resistance, unbreathing,
petrification resistance, rot immunity, AC +4
a: no special abilities


You were on level 3 of the Dungeon.
You were not hungry.

You visited 1 branch of the dungeon, and saw 3 of its levels.

You collected 235 gold pieces.

Inventory:

Hand Weapons
 a - a +0 flail (weapon)
Armour
 b - a +0 scale mail (worn)
 c - a +0 shield (worn)
 s - a +0 pair of boots (worn)
Scrolls
 j - a scroll of noise {unknown}
 l - a scroll of enchant weapon {unknown}
 m - a scroll of immolation {unknown}
 o - 2 scrolls of identify {unknown}
 q - 3 scrolls of teleportation {unknown}
 t - a scroll of remove curse {unknown}
 v - a scroll of magic mapping {unknown}
Potions
 d - a potion of might
 e - a potion of brilliance {unknown}
 h - a potion of agility {unknown}
 k - 2 potions of magic {unknown}
 p - a potion of lignification {unknown}
 u - a potion of heal wounds {unknown}
Books
 r - a book of Unlife

   Spells                             Type                      Level
   a - Recall                         Summoning/Translocation      3
   b - Animate Dead                   Necromancy                   4
   c - Control Undead                 Necromancy                   4
   d - Cigotuvi's Embrace             Necromancy                   5
   e - Death Channel                  Necromancy                   6
   f - Simulacrum                     Ice/Necromancy               6
Comestibles
 f - 2 bread rations
 g - 2 meat rations
 i - 2 fruits
 n - a chunk of flesh


   Skills:
 * Level 4.6 Fighting
 + Level 3.0 Maces & Flails
 + Level 4.1 Armour
 + Level 4.0 Shields


You had 4 spell levels left.
You didn't know any spells.

Dungeon Overview and Level Annotations

Branches:
Dungeon (3/15)

Altars:
Cheibriados
Ru
The Shining One


Innate Abilities, Weirdness & Mutations

You are resistant to torment.
Your stone body is resilient (AC +4).
You are immune to poison.
You resist negative energy.
You are resistant to electric shocks.
You can survive without breathing.
You are immune to petrification.
You are immune to rotting.


Message History

You sock the orc priest!
You kill the orc priest!
Your Maces & Flails skill increases to level 3!
Your Shields skill increases to level 4!
You have reached level 5!
An orc priest comes into view. It is wielding a hand axe.
The orc priest shouts!
The orc warrior hits you with a scimitar!
A hobgoblin and an orc come into view.
Things that are here:
a mace; a chain mail; an orc corpse You closely miss the orc warrior.
The hobgoblin shouts!
The orc shouts!
The orc moves out of view.
The orc warrior hits you but does no damage.
Your shield prevents you from hitting the orc warrior.
The orc warrior hits you with a scimitar.
You hit the orc warrior but do no damage.
The orc warrior hits you with a scimitar!
You die...

#.......# #####
#.......###...####
#.................
#.................
###.................
#.........#######.##
#.#.(.....# #<.....
...#.......# ####.#.
### #@#....... #.+.
#o####.... #.#. #o#
...... ....


.og ....... ...#. ... ####. ...[. .. ..... ## ....... You could see an orc
warrior, an orc priest, an orc and a hobgoblin.

Vanquished Creatures
  An orc priest (D:3)
  6 adders
  3 worms (D:2)
  3 dart slugs (D:2)
  3 giant geckos
  A ball python (D:2)
  A giant cockroach (D:2)
  6 goblins
  5 hobgoblins
  A quokka (D:3)
  7 bats
  5 giant newts
  5 rats
  3 fungi (D:1)
50 creatures vanquished.

Notes
Turn   | Place    | Note
--------------------------------------------------------------
     0 | D:1      | mistymad the Gargoyle Fighter began the quest for the Orb.
     0 | D:1      | Reached XP level 1. HP: 14/14 MP: 1/1
   440 | D:1      | Reached XP level 2. HP: 19/19 MP: 2/2
   926 | D:2      | Reached XP level 3. HP: 20/24 MP: 3/3
   942 | D:2      | Found a snail-covered altar of Cheibriados.
   982 | D:2      | Found a sacrificial altar of Ru.
  1553 | D:2      | Reached XP level 4. HP: 27/29 MP: 4/4
  1837 | D:2      | Found a glowing golden altar of the Shining One.
  2409 | D:3      | Noticed an orc warrior
  2412 | D:3      | Reached XP level 5. HP: 28/34 MP: 5/5
  2416 | D:3      | Slain by an orc warrior

Skill      XL: |  1  2  3  4 |
---------------+-------------+-----
Fighting       | 4 |  4.6
Armour         | 4 |  4.1
Maces & Flails | 3 |  3.0
Shields        | 4 |  4.0

Action                   |  1- 3 |  4- 6 || total
-------------------------+-------+-------++-------
Melee: Flail             |   118 |   115 ||   233
  Eat: Chunk             |     2 |     3 ||     5
Armor: Scale mail        |    49 |    63 ||   112
Dodge: Dodged            |    24 |    38 ||    62
Block: Shield            |    55 |    63 ||   118
